General information
- name: BNet
- type: Ladder team game (AT/RT)
- host: Battle.net
- saver: Chopstix
map: Mur'gulOasis
- players: 8
- length: 22:23
- speed: Fast
- version: 1.21 W3XP
- replay type: Public
» download(195 KB)
Players
team 1 (winner)
Chopstix (
red | 72 APM | 1602 actions | 22:23)
6 Blood Mage
3 Flame Strike
2 Siphon Mana
1 Summon Phoenix
3 Archmage
2 Summon Water Elemental
1 Brilliance Aura
» actions
| Assign group hotkey | 31 | |
| Basic commands | 173 | |
| Build / train | 71 | |
| ESC pressed | 1 | |
| Enter build submenu | 24 | |
| Enter hero's abilities submenu | 9 | |
| Remove unit from queue | 4 | |
| Right click | 494 | |
| Select / deselect | 292 | |
| Select group hotkey | 425 | |
| Use ability | 78 | |
1602 total
» units
| Peasant | 13 | |
| Footman | 5 | |
| Rifleman | 8 | |
| Priest | 2 | |
| Sorceress | 4 | |
| Spell Breaker | 7 | |
39 total
» upgrades
| Lumber Harvesting | 1 | |
| Long Rifles | 1 | |
| Sorceress Training | 2 | |
| Control Magic | 1 | |
| Gunpowder | 2 | |
7 total
» buildings
| Altar of Kings | 1 | |
| Farm | 8 | |
| Lumber Mill | 2 | |
| Barracks | 1 | |
| Scout Tower | 2 | |
| Arcane Tower | 0 | |
| Keep | 1 | |
| Blacksmith | 1 | |
| Arcane Vault | 1 | |
| Arcane Sanctum | 2 | |
| Guard Tower | 1 | |
| Castle | 1 | |
| Workshop | 2 | |
23 total
» build order
00:08 Altar of Kings
00:10 Farm
00:13 Lumber Mill
00:29 Barracks
00:49 Scout Tower
01:32 Farm
02:13 Arcane Tower
04:22 Keep
04:40 Blacksmith
04:42 Farm
05:25 Scout Tower
05:48 Arcane Vault
06:01 Arcane Tower
06:04 Lumber Mill
06:52 Arcane Sanctum
07:30 Guard Tower
07:37 Farm
08:40 Arcane Sanctum
09:21 Farm
12:22 Castle
12:35 Farm
16:25 Farm
17:04 Farm
21:20 Workshop
21:23 Workshop
» items
| Scroll of Regeneration | 2 | |
| Scroll of Town Portal | 2 | |
| Healing Salve | 1 | |
| Lesser Clarity Potion | 1 | |
6 total
Panda_Slammed (
yellow | 64 APM | 1437 actions | 22:22)
6 Blademaster
3 Wind Walk
2 Critical Strike
1 Bladestorm
» actions
| Assign group hotkey | 19 | |
| Basic commands | 413 | |
| Build / train | 55 | |
| Enter build submenu | 10 | |
| Enter hero's abilities submenu | 6 | |
| Give item / drop item | 1 | |
| Remove unit from queue | 1 | |
| Right click | 449 | |
| Select / deselect | 331 | |
| Select group hotkey | 94 | |
| Use ability | 58 | |
1437 total
» units
» upgrades
| Berserker Strength | 1 | |
| Burning Oil | 1 | |
| Pillage | 1 | |
| Ranged Weapons | 2 | |
| Armor | 2 | |
7 total
» buildings
| Altar of Storms | 1 | |
| Orc Burrow | 4 | |
| Barracks | 2 | |
| Voodoo Lounge | 1 | |
| Stronghold | 1 | |
| War Mill | 1 | |
| Fortress | 1 | |
11 total
» build order
00:07 Altar of Storms
00:09 Orc Burrow
00:40 Barracks
01:41 Barracks
01:47 Orc Burrow
02:44 Orc Burrow
03:07 Voodoo Lounge
04:56 Orc Burrow
05:42 Stronghold
07:19 War Mill
09:41 Fortress
» items
| Healing Salve | 3 | |
| Lesser Clarity Potion | 4 | |
| Scroll of Speed | 2 | |
| Potion of Mana | 2 | |
| Orb of Lightning | 1 | |
| Scroll of Town Portal | 1 | |
13 total
PistophChrstoph (
green | 62 APM | 1398 actions | 22:22)
7 Death Knight
3 Death Coil
3 Unholy Aura
1 Animate Dead
» actions
| Assign group hotkey | 27 | |
| Basic commands | 495 | |
| Build / train | 45 | |
| ESC pressed | 3 | |
| Enter build submenu | 13 | |
| Enter hero's abilities submenu | 7 | |
| Right click | 357 | |
| Select / deselect | 259 | |
| Select group hotkey | 129 | |
| Use ability | 63 | |
1398 total
» units
| Acolyte | 2 | |
| Ghoul | 3 | |
| Crypt Fiend | 12 | |
| Obsidian Statue | 4 | |
21 total
» upgrades
| Web | 1 | |
| Creature Attack | 3 | |
| Creature Carapace | 3 | |
| Destroyer Form | 1 | |
8 total
» buildings
| Crypt | 2 | |
| Ziggurat | 5 | |
| Graveyard | 1 | |
| Altar of Darkness | 1 | |
| Nerubian Tower | 1 | |
| Tomb of Relics | 1 | |
| Halls of the Dead | 1 | |
| Slaughterhouse | 2 | |
| Black Citadel | 1 | |
15 total
» build order
00:08 Crypt
00:24 Ziggurat
00:43 Graveyard
01:09 Altar of Darkness
01:38 Ziggurat
01:47 Nerubian Tower
02:19 Crypt
03:08 Tomb of Relics
03:47 Ziggurat
05:25 Halls of the Dead
08:04 Slaughterhouse
08:05 Slaughterhouse
09:26 Ziggurat
09:29 Ziggurat
12:23 Black Citadel
» items
| Rod of Necromancy | 1 | |
| Scroll of Town Portal | 3 | |
| Orb of Lightning | 1 | |
5 total
Sylink (
pink | 91 APM | 2034 actions | 22:22)
6 Blademaster
3 Wind Walk
2 Critical Strike
1 Bladestorm
» actions
| Assign group hotkey | 17 | |
| Basic commands | 92 | |
| Build / train | 49 | |
| Enter build submenu | 15 | |
| Enter hero's abilities submenu | 6 | |
| Give item / drop item | 2 | |
| Remove unit from queue | 1 | |
| Right click | 835 | |
| Select / deselect | 203 | |
| Select group hotkey | 752 | |
| Use ability | 62 | |
2034 total
» units
| Peon | 8 | |
| Grunt | 9 | |
| Wind Rider | 6 | |
| Troll Batrider | 1 | |
24 total
» upgrades
| Berserker Strength | 1 | |
| Armor | 1 | |
| Ranged Weapons | 2 | |
| Envenomed Spears | 1 | |
5 total
» buildings
| Altar of Storms | 1 | |
| Orc Burrow | 7 | |
| Barracks | 2 | |
| Voodoo Lounge | 1 | |
| War Mill | 1 | |
| Stronghold | 1 | |
| Beastiary | 2 | |
| Fortress | 1 | |
16 total
» build order
00:04 Altar of Storms
00:05 Orc Burrow
00:38 Barracks
01:34 Voodoo Lounge
02:18 Orc Burrow
02:26 Barracks
04:52 Orc Burrow
04:55 War Mill
05:30 Stronghold
07:58 Beastiary
09:51 Beastiary
10:42 Orc Burrow
11:55 Fortress
15:24 Orc Burrow
15:26 Orc Burrow
16:05 Orc Burrow
» items
| Healing Salve | 3 | |
| Lesser Clarity Potion | 4 | |
| Scroll of Speed | 2 | |
| Scroll of Town Portal | 1 | |
10 total
team 2 (loser)
GOKUMaN69 (
blue | 65 APM | 1268 actions | 19:35)
4 Demon Hunter
2 Mana Burn
2 Evasion
1 Naga Sea Witch
1 Frost Arrows
» actions
| Assign group hotkey | 1 | |
| Basic commands | 1 | |
| Build / train | 44 | |
| Enter build submenu | 17 | |
| Enter hero's abilities submenu | 5 | |
| Give item / drop item | 1 | |
| Right click | 840 | |
| Select / deselect | 297 | |
| Select group hotkey | 2 | |
| Use ability | 60 | |
1268 total
» units
| Wisp | 9 | |
| Huntress | 4 | |
| Druid of the Claw | 9 | |
22 total
» upgrades
| Druid of the Claw Training | 2 | |
| Mark of the Claw | 1 | |
3 total
» buildings
| Altar of Elders | 1 | |
| Moon Well | 7 | |
| Ancient of War | 2 | |
| Hunter's Hall | 1 | |
| Tree of Ages | 1 | |
| Tree of Eternity | 1 | |
| Ancient of Lore | 2 | |
| Ancient of Wonders | 1 | |
16 total
» build order
00:05 Altar of Elders
00:21 Moon Well
01:59 Ancient of War
02:00 Ancient of War
02:04 Hunter's Hall
02:17 Moon Well
03:57 Moon Well
04:55 Tree of Ages
05:42 Moon Well
07:21 Tree of Eternity
07:25 Ancient of Lore
07:26 Ancient of Lore
07:43 Ancient of Wonders
15:44 Moon Well
16:05 Moon Well
16:34 Moon Well
» items
| Scroll of Town Portal | 3 | |
| Staff of Preservation | 1 | |
| Potion of Healing | 2 | |
| Orb of Venom | 1 | |
7 total
gwbushin2008 (
teal | 112 APM | 2151 actions | 19:11)
4 Archmage
2 Summon Water Elemental
2 Brilliance Aura
» actions
| Assign group hotkey | 199 | |
| Basic commands | 69 | |
| Build / train | 52 | |
| ESC pressed | 2 | |
| Enter build submenu | 26 | |
| Enter hero's abilities submenu | 4 | |
| Right click | 1173 | |
| Select / deselect | 356 | |
| Select group hotkey | 179 | |
| Use ability | 91 | |
2151 total
» units
| Peasant | 18 | |
| Footman | 16 | |
| Priest | 1 | |
| Sorceress | 1 | |
| Spell Breaker | 2 | |
38 total
» buildings
| Altar of Kings | 1 | |
| Barracks | 1 | |
| Farm | 5 | |
| Scout Tower | 5 | |
| Arcane Tower | 2 | |
| Lumber Mill | 1 | |
| Keep | 3 | |
| Guard Tower | 3 | |
| Arcane Sanctum | 1 | |
| Arcane Vault | 1 | |
| Town Hall | 1 | |
24 total
» build order
00:05 Altar of Kings
00:16 Barracks
00:26 Farm
01:05 Farm
01:44 Scout Tower
01:46 Farm
02:47 Arcane Tower
03:18 Scout Tower
03:55 Arcane Tower
04:06 Farm
05:39 Lumber Mill
07:15 Keep
07:16 Keep
07:25 Farm
08:07 Scout Tower
08:42 Guard Tower
10:07 Arcane Sanctum
10:58 Arcane Vault
11:24 Scout Tower
11:26 Scout Tower
12:11 Guard Tower
12:11 Guard Tower
14:53 Town Hall
» items
HERNaNDO (
orange | 36 APM | 810 actions | 22:22)
1 Blood Mage
1 Flame Strike
» actions
| Assign group hotkey | 5 | |
| Basic commands | 23 | |
| Build / train | 41 | |
| ESC pressed | 2 | |
| Enter build submenu | 31 | |
| Enter hero's abilities submenu | 1 | |
| Remove unit from queue | 1 | |
| Right click | 371 | |
| Select / deselect | 281 | |
| Select group hotkey | 9 | |
| Use ability | 45 | |
810 total
» units
| Peasant | 19 | |
| Rifleman | 10 | |
| Dragonhawk Rider | 2 | |
31 total
» buildings
| Altar of Kings | 1 | |
| Farm | 6 | |
| Lumber Mill | 1 | |
| Scout Tower | 15 | |
| Arcane Tower | 1 | |
| Barracks | 3 | |
| Blacksmith | 1 | |
| Arcane Vault | 2 | |
| Guard Tower | 6 | |
| Keep | 1 | |
| Gryphon Aviary | 2 | |
39 total
» build order
00:09 Altar of Kings
00:22 Farm
00:23 Farm
00:39 Lumber Mill
00:53 Scout Tower
01:23 Arcane Tower
01:57 Barracks
02:18 Blacksmith
02:21 Farm
02:59 Arcane Vault
03:14 Farm
03:18 Scout Tower
03:51 Guard Tower
05:39 Scout Tower
05:42 Scout Tower
05:53 Scout Tower
05:54 Scout Tower
05:56 Scout Tower
05:56 Scout Tower
05:57 Scout Tower
06:19 Guard Tower
06:22 Scout Tower
06:23 Scout Tower
06:30 Guard Tower
06:55 Guard Tower
08:31 Scout Tower
08:33 Scout Tower
08:43 Barracks
08:55 Arcane Vault
09:02 Guard Tower
09:02 Guard Tower
09:08 Barracks
09:36 Farm
12:42 Keep
15:37 Gryphon Aviary
16:37 Gryphon Aviary
16:51 Farm
16:53 Scout Tower
16:56 Scout Tower
xMaJiNxBUUx (
purple | 87 APM | 1663 actions | 19:08)
5 Tauren Chieftain
3 Shockwave
2 Endurance Aura
4 Shadow Hunter
2 Hex
2 Healing Wave
» actions
| Assign group hotkey | 26 | |
| Basic commands | 59 | |
| Build / train | 71 | |
| ESC pressed | 3 | |
| Enter build submenu | 13 | |
| Enter hero's abilities submenu | 9 | |
| Right click | 841 | |
| Select / deselect | 297 | |
| Select group hotkey | 215 | |
| Use ability | 129 | |
1663 total
» units
| Peon | 7 | |
| Grunt | 14 | |
| Troll Witch Doctor | 8 | |
| Troll Headhunter/Berserker | 1 | |
| Troll Batrider | 10 | |
40 total
» upgrades
| Witch Doctor Training | 2 | |
| Berserker Strength | 1 | |
| Melee Weapons | 1 | |
| Armor | 1 | |
5 total
» buildings
| Altar of Storms | 1 | |
| Orc Burrow | 5 | |
| Barracks | 1 | |
| Voodoo Lounge | 1 | |
| Stronghold | 1 | |
| Spirit Lodge | 2 | |
| War Mill | 1 | |
| Fortress | 1 | |
| Beastiary | 1 | |
14 total
» build order
00:07 Altar of Storms
00:22 Orc Burrow
00:37 Barracks
01:34 Voodoo Lounge
02:04 Orc Burrow
03:14 Stronghold
04:51 Orc Burrow
05:50 Spirit Lodge
05:53 Spirit Lodge
05:55 War Mill
07:18 Fortress
07:42 Orc Burrow
13:27 Beastiary
13:29 Orc Burrow
» items
| Healing Salve | 4 | |
| Scroll of Speed | 2 | |
| Lesser Clarity Potion | 3 | |
| Scroll of Town Portal | 2 | |
| Potion of Mana | 1 | |
| Orb of Lightning | 1 | |
13 total
Chat log
(00:01 / Allies) Sylink: oh dear
(00:04 / All) HERNaNDO: towa
(00:06 / All) gwbushin2008: wot up
(00:08 / All) GOKUMaN69: Towa
(00:10 / All) GOKUMaN69: towa
(00:10 / All) PistophChrstoph: sup
(00:11 / Allies) Sylink: voted tier 1 rush
(00:15 / All) GOKUMaN69: /w towa?
(00:15 / All) HERNaNDO: sup dudes
(00:16 / All) HERNaNDO: glhf
(00:20 / Allies) PistophChrstoph: 2ND
(00:26 / Allies) PistophChrstoph: rush
(00:33 / Allies) Sylink: s[plit ehehe
(00:36 / Allies) PistophChrstoph: k
(00:44 / Allies) Sylink: get grunts stefan
(00:51 / Allies) Panda_Slammed: i know
(01:01 / Allies) Panda_Slammed: no i think ill peon rush
(01:04 / Allies) Sylink: ok
(01:22 / Allies) Sylink: check outside base for tower rush
(02:06 / Allies) Sylink: lmao
(02:17 / Allies) Panda_Slammed: there is serious
(02:30 / Allies) Sylink: wow
(02:33 / Allies) Sylink: this is bad
(02:37 / All) HERNaNDO: BM OWNz
(03:12 / Allies) Sylink: send grunt steven
(03:17 / Allies) Panda_Slammed: k
(04:03 / Allies) Sylink: lmao
(04:11 / Allies) Panda_Slammed: lol
(04:19 / All) HERNaNDO: MAMMA MIA
(04:35 / Allies) Panda_Slammed: b
(04:46 / Allies) Panda_Slammed: need heal
(04:55 / Allies) Sylink: yes
(05:23 / Allies) Sylink: let us return
(05:26 / Allies) Panda_Slammed: ok
(05:56 / Allies) Sylink: focus main
(06:00 / Allies) Panda_Slammed: right
(06:13 / Allies) Panda_Slammed: grunts
(06:37 / Allies) Sylink: tc
(07:03 / Allies) Sylink: yes
(07:05 / Allies) Sylink: break his towers
(07:11 / Allies) Sylink: top just got owned
(07:51 / Allies) Sylink: return
(08:10 / Allies) Panda_Slammed: r u going demos
(08:13 / Allies) Panda_Slammed: or shall i
(08:14 / Allies) Sylink: i can
(08:17 / Allies) Sylink: i was getting wyv
(08:21 / Allies) Panda_Slammed: ok
(08:23 / Allies) Panda_Slammed: go for it
(08:26 / Allies) Panda_Slammed: i got demo
(08:27 / Allies) Sylink: main again
(09:13 / Allies) Panda_Slammed: am
(09:58 / Allies) Sylink: im out
(11:05 / Allies) Panda_Slammed: nice
(11:35 / Allies) Panda_Slammed: wann kill am
(11:38 / Allies) Sylink: do you have demos yet
(11:43 / Allies) Panda_Slammed: coming
(12:00 / Allies) Sylink: prepare for assault i guess
(12:08 / Allies) Sylink: lets go
(12:08 / Allies) Sylink: go now
(12:29 / Allies) Sylink: lmao
(12:32 / Allies) Panda_Slammed: lol
(12:44 / Allies) Sylink: get ooil
(13:02 / Allies) Sylink: main gone
(13:48 / Allies) Panda_Slammed: im b
(13:52 / All) HERNaNDO: ye have a target...?
(14:00 / Allies) Sylink: teal lost main
(14:23 / Allies) Sylink: tp
(14:27 / Allies) Sylink: noiw
(15:05 / Allies) Panda_Slammed: hit that
(15:06 / Allies) Panda_Slammed: next
(15:17 / Allies) Sylink: lost nothing but burrows
(15:17 / Allies) Panda_Slammed: hit now
(15:23 / Allies) Panda_Slammed: go go
(15:48 / Allies) PistophChrstoph: MAIN
(16:03 / All) Panda_Slammed: gg
(16:10 / All) gwbushin2008: gg
(16:14 / All) HERNaNDO: 8-)
(16:32 / Allies) Sylink: scouting
(16:48 / Allies) Sylink: bears and shit
(16:51 / Allies) Sylink: and bats
(18:14 / Allies) Sylink: ornage is out
(18:41 / Allies) Sylink: gj
(19:12 / All) Sylink: baby come back
(19:12 / All) Chopstix: LEAVE IDIOT NUBS
(19:18 / All) Chopstix: ESPECIALLY JM
(19:21 / All) GOKUMaN69: 1v1 chop
(19:28 / All) GOKUMaN69: u gonna dodge?
(19:31 / All) Sylink: gg john noobeson
(20:05 / All) PistophChrstoph: GET OUT SCRUBS
(20:07 / Allies) PistophChrstoph: LOL
(21:17 / Allies) Sylink: a ghost town
(21:20 / Allies) Panda_Slammed: lol
(21:50 / Allies) PistophChrstoph: HAHAHA
(21:57 / All) HERNaNDO: PHOENIX?
(22:01 / All) HERNaNDO: in my base?
(22:04 / All) HERNaNDO: O_O
(22:06 / All) HERNaNDO: no thnx
(22:08 / All) Chopstix: gg hern
(22:11 / All) Chopstix: you took brute of damage
(22:11 / All) HERNaNDO: gg dude
(22:14 / All) Chopstix: while JM complained
(22:14 / All) PistophChrstoph: true
(22:15 / All) HERNaNDO: lol
(22:16 / All) Chopstix: the whole game right
(22:17 / All) PistophChrstoph: hahaha
(22:19 / All) HERNaNDO: lol
(22:21 / All) PistophChrstoph: the usual